 Dungeon Crawl Stone Soup version 0.30-a0-1161-g0704695555 (webtiles) character file.

Game seed: 14444568235210617166

53 fozzywoppz the Sneak (level 3, 0/16 HPs)
             Began as a Spriggan Enchanter on Apr 28, 2023.
             Killed from afar by a dart slug (4 damage)
             ... with a slug dart
             ... on level 2 of the Dungeon.
             The game lasted 00:03:56 (1198 turns).

fozzywoppz the Sneak (Spriggan Enchanter)           Turns: 1198, Time: 00:03:57

Health: 0/16       AC:  2    Str:  6    XL:     3   Next: 64%
Magic:  3/8        EV: 17    Int: 16    God:
Gold:   117        SH:  0    Dex: 15    Spells: 6/8 levels left

rFire   . . .        a - +1 dagger
rCold   . . .        (no shield)
rNeg    + . .        b - +0 robe
rPois   .            (helmet restricted)
rElec   .            (no cloak)
rCorr   .            (gloves unavailable)
SInv    +            (boots unavailable)
Will    .....        (no amulet)
Stlth   +++          i - ring of positive energy
HPRegen 0.22/turn    (no ring)
MPRegen 0.11/turn

%: no passive effects
@: very quick
A: very small, no large weapons, unfitting armour, see invisible, speed 3
a: no special abilities


You were on level 2 of the Dungeon.
You visited 1 branch of the dungeon, and saw 2 of its levels.

You collected 117 gold pieces.

Inventory:

Hand Weapons
 a - a +1 dagger (weapon)
Missiles
 n - 6 boomerangs (quivered)
Armour
 b - a +0 robe (worn)
Jewellery
 i - a ring of positive energy (left hand)
Scrolls
 d - a scroll of immolation {unknown}
 f - 3 scrolls of identify {unknown}
 m - a scroll of enchant armour {unknown}
Potions
 c - 2 potions of invisibility
 e - a potion of magic {unknown}
 g - 2 potions of ambrosia {unknown}
 h - a potion of resistance {unknown}
 j - a potion of brilliance {unknown}
 k - a potion of degeneration {unknown}
 l - a potion of mutation {unknown}


   Skills:
 + Level 1.9 Short Blades
 + Level 3.3 Dodging
 + Level 5.1 Stealth
 + Level 3.3 Spellcasting
 + Level 4.1 Hexes


You had 6 spell levels left.
You knew the following spells:

 Your Spells              Type           Power      Damage    Failure   Level
a - Ensorcelled Hibernat  Hex/Ice        18%        N/A       12%         2

Your spell library contained the following spells:

 Spells                   Type           Power      Damage    Failure   Level
 Confusing Touch          Hex            15%        N/A       10%         3
 Tukima's Dance           Hex            15%        N/A       10%         3
 Dazzling Flash           Conj/Hex       18%        N/A       24%         3


Dungeon Overview and Level Annotations

Branches:
Dungeon (2/15)

Altars:


Innate Abilities, Weirdness & Mutations

You are very small and have problems with some larger weapons.
You are too small for most types of armour.
You have supernaturally acute eyesight. (SInv)
You cover ground extremely quickly. (Speed+++)


Message History

You see here a +0 dagger.
You see here a hobgoblin corpse.
There is an escape hatch in the ceiling here.
You see here a +0 leather armour.
As you open the door, it creaks loudly!
You hear a shout! x2
Casting: Ensorcelled Hibernation (safe; 12% risk of failure)
Confirm with . or Enter, or press ? or * to list all spells.
Aiming: Ensorcelled Hibernation (safe; 12% risk of failure)
Press: ? - help, Shift-Dir - straight line, f - gnoll
Aim: a gnoll, wielding a +0 whip (chance to affect: 50%)
The gnoll looks drowsy...
The gnoll hits you from afar with a +0 spear.
There is an open door here.
The helpless gnoll fails to defend itself.
You impale the gnoll!!
You kill the gnoll!
The gnoll closely misses you.
Your Stealth skill increases to level 5!
Unknown command.
Casting: Ensorcelled Hibernation (safe; 12% risk of failure)
Confirm with . or Enter, or press ? or * to list all spells.
Aiming: Ensorcelled Hibernation (safe; 12% risk of failure)
Press: ? - help, Shift-Dir - straight line, f - gnoll
Aim: a gnoll, wielding a +0 spear (chance to affect: 51%)
The gnoll looks drowsy...
The helpless gnoll fails to defend itself.
You impale the gnoll!!
You kill the gnoll!
Casting: Ensorcelled Hibernation (safe; 12% risk of failure)
Confirm with . or Enter, or press ? or * to list all spells.
Aiming: Ensorcelled Hibernation (safe; 12% risk of failure)
Press: ? - help, Shift-Dir - straight line, f - gnoll
Aim: a gnoll, wielding a +0 flail (chance to affect: 51%)
The gnoll resists with significant effort.
The gnoll hits you with a +0 flail!
Ouch! That really hurt!
* * * LOW HITPOINT WARNING * * *
The dart slug launches a dart at you. The slug dart hits you.
You die...

..........#.......#............##
..........#.......#............#
..........#.......###..........#
..........#.......# #....g.....#
.........(#.......########'#####
.......)..#..............#.#
###.......#..............#.#
.##......................''#
.##...#.......#.@..........g...#
.##...#.......#................#
..............#.....w.....w....#
..............#.g.#))##........#
..............#...#'###........#
.#........######.....##........#
...............+.....##........#
...............#.....#
..)............###_..####


You could see a gnoll and a dart slug.

Vanquished Creatures
  2 gnolls (D:2)
  A worm (D:2)
  A dart slug (D:2)
  2 ball pythons (D:2)
  4 bats
  3 endoplasms
  A giant cockroach (D:1)
  3 goblins (D:2)
  3 hobgoblins
  3 jackals (D:1)
  A quokka (D:2)
  A frilled lizard (D:1)
  A kobold (D:1)
26 creatures vanquished.

Notes
Turn   | Place    | Note
-------+----------+-------------------------------------------
     0 | D:1      | fozzywoppz the Spriggan Enchanter began the quest for the
                  | Orb.
     0 | D:1      | Reached XP level 1. HP: 9/9 MP: 5/5
   364 | D:1      | Reached XP level 2. HP: 8/13 MP: 6/6
   473 | D:1      | Learned a level 2 spell: Ensorcelled Hibernation
   852 | D:2      | Reached XP level 3. HP: 13/16 MP: 8/8
   918 | D:2      | Found a faded altar of an unknown god.
  1190 | D:2      | Reached skill level 5 in Stealth
  1198 | D:2      | Killed from afar by a dart slug

Illustrated notes

Levels and vault maps discovered:
D:1:      roderic_crossed_star, layout_loops_ring
D:2:      layout_basic, basic_ecumenical_altar

Skill      XL: |  1  2  3 |
---------------+----------+-----
Dodging        | 3 |  3.3
Spellcasting   | 3 |  3.3
Hexes          | 4 |  4.1
Stealth        | 5 |  5.1
Short Blades   | |  1.9

Action                     || total
---------------------------++-------
  Melee: Dagger            ||    77
         Punch             ||     1
   Cast: Ensorcelled Hiber ||     4
   Stab: Sleeping          ||    10
 Armour: Robe              ||     6
  Dodge: Dodged            ||    50

Table legend: (Time is in decaauts)
 A = Elapsed time spent in this place.
 B = Non-inter-level travel time spent in this place.
 C = Inter-level travel time spent in this place.
 D = Time resting spent in this place.
 E = Time spent auto-exploring this place.
 F = Levels seen in this place.
 G = Mean time per level.
                   A        B        C        D        E       F      G
               +--------+--------+--------+--------+--------+-----+--------+
         Total |    807 |    801 |      6 |      0 |    495 |   2 |  403.5 |
       Dungeon |    807 |    801 |      6 |      0 |    495 |   2 |  403.5 |
               +--------+--------+--------+--------+--------+-----+--------+

Top non-repeatable levels by time:
     D:2: 413 daAuts
     D:1: 394 daAuts
